 Dungeon Crawl Stone Soup version 0.29-a0-266-gf56f883ddd (webtiles) character file.

Game seed: 18397121402408195333

858 frimble the Shield-Bearer (level 8, 0/58 HPs)
             Began as a Djinni Cinder Acolyte on Mar 7, 2022.
             Was a High Priest of Ignis.
             Slain by an ice beast (13 damage)
             ... on level 5 of the Dungeon.
             The game lasted 00:07:10 (5106 turns).

frimble the Shield-Bearer (Djinni Cinder Acolyte)   Turns: 5106, Time: 00:07:11

Health: 0/58       AC:  2    Str: 13    XL:     8   Next: 22%
Gold:   233        EV: 11    Int: 16    God:    Ignis [*****.] SH:  4 Dex: 11

rFire   + + +      SeeInvis .   b - +2 dagger (freeze)
rCold   x . .      Faith    .   i - +0 buckler
rNeg    . . .      Spirit   .   a - +0 robe
rPois   ∞          Reflect  .   (no helmet)
rElec   .          Harm     .   (no cloak)
rCorr   .          Rampage  .   (no gloves)
Will    .....                   (boots unavailable)
Stlth   +.........              (no amulet)
HPRegen 0.19/turn               (no ring)
MPRegen 0.00/turn               (no ring)

@: flying, very slightly contaminated
A: sickness immunity, fire resistance 2, cold vulnerability 1, float, innate
caster, HP casting, extra vitality 1
a: Renounce Religion, Fiery Armour, Foxfire Swarm, Rising Flame


You were on level 5 of the Dungeon.
You worshipped Ignis.
Ignis was extremely pleased with you.
You visited 1 branch of the dungeon, and saw 6 of its levels.

You collected 233 gold pieces.

Inventory:

Hand Weapons
 b - a +2 dagger of freezing (weapon)
Armour
 a - a +0 robe (worn)
 i - a +0 buckler (worn)
Scrolls
 d - a scroll of brand weapon
Potions
 c - 2 potions of mutation
 g - a potion of ambrosia


   Skills:
 - Level 4.1 Fighting
 + Level 4.1 Short Blades
 - Level 2.1 Dodging
 + Level 4.3 Shields
 - Level 3.0 Unarmed Combat
 + Level 4.0 Spellcasting


You had 8 spell levels left.
You knew the following spells:

 Your Spells              Type           Power      Damage    Failure   Level
a - Scorch                Fire           32%        2d7       6%          2
b - Beastly Appendage     Tmut           32%        N/A       4%          1
c - Call Imp              Summ           16%        N/A       6%          2
d - Poisonous Vapours     Pois/Air       32%        N/A       6%          2
Your spell library was empty.

Dungeon Overview and Level Annotations

Branches:
Dungeon (6/15)
 Temple: D:4-7

Altars:
Sif Muna


Innate Abilities, Weirdness & Mutations

You are immune to sickness and miasma.
You are immune to poison.
Your flesh is very heat resistant. (rF++)
You are vulnerable to cold. (rC-)
You float through the air rather than walking.
You learn spells naturally, not from books.
Your magical power is your life essence.
You have superior vitality. (+4 MHP)


Message History

Aim: a killer bee (ally target) Poisonous vapours surround the killer bee!
The killer bee is poisoned.
Casting: Poisonous Vapours (safe; 6% risk of failure)
Confirm with . or Enter, or press ? or * to list all spells.
Aiming: Poisonous Vapours (safe; 6% risk of failure)
Press: ? - help, Dir - move target, f/p - killer bee
Aim: a killer bee (lightly wounded, poisoned, ally target) Poisonous vapours surround the killer bee!
The killer bee looks even sicker.
The killer bee barely misses you. x2
You swap places.
The killer bee stings your shadow imp. x2
Your shadow imp is poisoned.
The killer bee poisons your shadow imp!
Your shadow imp hits the killer bee.
Your shadow imp dies!
Your shadow imp disappears in a puff of smoke!
There is a stone staircase leading down here.
You kill the killer bee!
An ice beast is nearby!
An ice beast is nearby!
An ice beast is nearby!
Casting: Poisonous Vapours (safe; 6% risk of failure)
Confirm with . or Enter, or press ? or * to list all spells.
You miscast Scorch.
You are very lightly contaminated with residual magic.
Nothing appears to happen.
Casting: Scorch (safe; 6% risk of failure)
Confirm with . or Enter, or press ? or * to list all spells.
Flames lash the ice beast.
The ice beast melts!
The ice beast is lightly wounded.
The ice beast's fire resistance burns away.
The ice beast hits you. The ice beast freezes you!!
You feel a terrible chill!
Casting: Scorch (safe; 6% risk of failure)
Confirm with . or Enter, or press ? or * to list all spells.
Flames lash the ice beast.
The ice beast melts!
The ice beast is heavily wounded.
* * * LOW HITPOINT WARNING * * *
The ice beast hits you.
* * * LOW HITPOINT WARNING * * *
The ice beast freezes you!
You feel a terrible chill!
You die...

#†#
###.........
#†# ######....
#.# ... #.#
#.# #.#####..
#>.......
#Y####..≈ #@#
#.# #.# #.#
#.# #.#####..
#........
######.#######
#......######


You could see an ice beast (combustible).

Vanquished Creatures
  An ice beast (D:5)
  A sky beast (D:5)
  A black bear (D:4)
  A scorpion (D:5)
  4 killer bees (D:5)
  3 hounds
  2 iguanas (D:4)
  4 adders
  A shadow imp (D:6)
  An ufetubus (D:5)
  A worm (D:2)
  3 dart slugs
  9 orcs
  3 ball pythons
  4 bats
  5 endoplasms
  7 giant cockroaches
  7 hobgoblins
  3 jackals (D:1)
  2 quokkas
  3 frilled lizards
  7 goblins
  5 kobolds
  23 rats
101 creatures vanquished.

Vanquished Creatures (collateral kills)
  2 orc wizards (D:5)
  An orc (D:5)
3 creatures vanquished.

Grand Total: 104 creatures vanquished

Notes
Turn   | Place    | Note
-------+----------+-------------------------------------------
     0 | D:1      | frimble the Djinni Cinder Acolyte began the quest for the
                  | Orb.
     0 | D:1      | Reached XP level 1. HP: 20/20 MP: 0/0
   463 | D:1      | Reached XP level 2. HP: 23/25 MP: 0/0
   788 | D:1      | Found a faded altar of an unknown god.
   845 | D:1      | Reached skill level 1 in Short Blades
   845 | D:1      | Reached XP level 3. HP: 28/30 MP: 0/0
   845 | D:1      | Learned a level 1 spell: Beastly Appendage
  1509 | D:2      | Reached XP level 4. HP: 31/35 MP: 0/0
  1618 | D:2      | Reached skill level 1 in Dodging
  1618 | D:2      | Reached skill level 1 in Shields
  2374 | D:3      | Reached XP level 5. HP: 35/41 MP: 0/0
  2374 | D:3      | Learned a level 2 spell: Call Imp
  3506 | D:4      | HP: 1/41 [iguana (7)]
  3512 | D:4      | Reached XP level 6. HP: 23/47 MP: 0/0
  3943 | D:4      | Noticed a black bear
  3958 | D:4      | Killed a black bear
  4159 | D:4      | Noticed a water moccasin
  4173 | D:5      | Entered Level 5 of the Dungeon
  4234 | D:5      | Reached XP level 7. HP: 7/52 MP: 0/0
  4234 | D:5      | Learned a level 2 spell: Poisonous Vapours
  5017 | D:5      | Reached XP level 8. HP: 38/58 MP: 0/0
  5106 | D:5      | Slain by an ice beast

Illustrated notes

Levels and vault maps discovered:
D:1:      minmay_arrival_semitransparent, layout_basic,
          ebering_ecumenical_altar_mist, st_stairs_10
D:2:      layout_basic, nrook_campfire, minmay_rat_hole, uniq_sigmund
D:3:      layout_loops_corners
D:4:      layout_cave_pools
D:5:      layout_basic, amcnicky_altar_gilded, mainiacjoe_overflow_boulevard,
          temple_pool_b, nicolae_elemental_shop
D:6:      layout_loops_ring, minmay_a_box_with_orc_wizards_in_it

Skill      XL: |  1  2  3  4  5  6  7  8 |
---------------+-------------------------+-----
Short Blades   | 1 2 3 4 |  4.1
Dodging        | 1 2 |  2.1
Shields        | 1 2 3 4 |  4.3
Fighting       | 4 |  4.1
Spellcasting   | 3 4 |  4.0
Unarmed Combat | |  3.0

Action                   |  1- 3 |  4- 6 |  7- 9 || total
-------------------------+-------+-------+-------++-------
Melee: Dagger            |   127 |   250 |    12 ||   389
       Unarmed           |     3 |       |       ||     3
       Punch             |     4 |       |       ||     4
       Headbutt          |       |     5 |       ||     5
 Cast: Scorch            |     2 |    19 |    10 ||    31
       Beastly Appendage |       |     2 |       ||     2
       Call Imp          |       |    12 |     8 ||    20
       Poisonous Vapours |       |       |    13 ||    13
  Use: Scroll            |     3 |     9 |     1 ||    13
       Potion            |       |     1 |     1 ||     2
 Stab: Distracted        |       |     1 |     1 ||     2
Armor: Robe              |    38 |    76 |     1 ||   115
Dodge: Dodged            |    66 |   147 |    22 ||   235
Block: Buckler           |     9 |    52 |     7 ||    68

Table legend: (Time is in decaauts)
 A = Elapsed time spent in this place.
 B = Non-inter-level travel time spent in this place.
 C = Inter-level travel time spent in this place.
 D = Time resting spent in this place.
 E = Time spent auto-exploring this place.
 F = Levels seen in this place.
 G = Mean time per level.
                   A        B        C        D        E       F      G
               +--------+--------+--------+--------+--------+-----+--------+
         Total |   5092 |   5044 |     48 |    820 |   3315 |   6 |  848.7 |
       Dungeon |   5092 |   5044 |     48 |    820 |   3315 |   6 |  848.7 |
               +--------+--------+--------+--------+--------+-----+--------+

Top non-repeatable levels by time:
     D:3: 1357 daAuts
     D:1: 1352 daAuts
     D:4: 947 daAuts
     D:5: 694 daAuts
     D:2: 504 daAuts
     D:6: 236 daAuts
